 Dungeon Crawl Stone Soup version 0.19-a0-1933-g052ff51 (webtiles) character file.

31 Kaname the Grave Robber (level 3, 24/24 HPs)
             Began as a Demonspawn Necromancer on Oct 26, 2016.
             Got out of the dungeon alive.
             The game lasted 00:02:08 (1188 turns).

Kaname the Grave Robber (Demonspawn Necromancer)    Turns: 1188, Time: 00:02:08

Health: 24/24      AC:  2    Str:  8    XL:     3   Next: 7%
Magic:  6/6        EV: 12    Int: 17    God:
Gold:   94         SH:  0    Dex: 16    Spells: 1 memorised, 5 levels left

rFire  . . .     SeeInvis .     g - +0 short sword
rCold  . . .     Gourm    .     a - +0 robe
rNeg   . . .     Faith    .     (no shield)
rPois  .         Spirit   .     (no helmet)
rElec  .         Reflect  .     (no cloak)
rCorr  .         Harm     .     (no gloves)
MR     .....                    (no boots)
Stlth  ++........               e - amulet of rage
                                (no ring)
                                l - +3 ring of dexterity

@: no status effects
A: claws 1, demonic guardian 1
a: Evoke Berserk Rage


You escaped.
You were not hungry.

You visited 1 branch of the dungeon, and saw 2 of its levels.

You collected 94 gold pieces.

Inventory:

Hand Weapons
 g - a +0 short sword (weapon)
Armour
 a - a +0 robe (worn)
Jewellery
 e - an amulet of rage (around neck)
 l - a +3 ring of dexterity (left claw)
Scrolls
 h - a scroll of amnesia {unknown}
 i - a scroll of blinking {unknown}
Potions
 d - 2 potions of curing {unknown}
 f - a potion of berserk rage {unknown}
 j - a potion of haste {unknown}
Books
 b - a book of Necromancy

   Spells                             Type                      Level
   a - Pain                           Necromancy                   1
   b - Animate Skeleton               Necromancy                   1
   c - Vampiric Draining              Necromancy                   3
   d - Regeneration                   Charms/Necromancy            3
   e - Animate Dead                   Necromancy                   4
   f - Control Undead                 Necromancy                   4
Comestibles
 c - a bread ration
 k - 2 chunks of flesh


   Skills:
 + Level 1.5 Short Blades
 - Level 1.7 Dodging
 - Level 1.7 Stealth
 - Level 2.0 Spellcasting
 - Level 5.0 Necromancy


You had 5 spell levels left.
You knew the following spells:

 Your Spells              Type           Power        Failure   Level  Hunger
a - Pain                  Necr           ###.         2%          1    #......


Dungeon Overview and Level Annotations

Branches:
Dungeon (2/15)

Altars:
Kikubaaqudgha


Innate Abilities, Weirdness & Mutations

You have sharp fingernails.
A weak demonic guardian rushes to your aid.


Message History

The worm is severely wounded.
You hit the worm.
You kill the worm!
You have reached level 3!
Your experience leads to an increase in your attributes!
Your base attributes are Str 8, Int 16, Dex 13.
Increase (S)trength, (I)ntelligence, or (D)exterity?
You feel clever.
Your demonic ancestry asserts itself...
You feel the presence of a demonic guardian.
You start resting.
Magic restored.
There is a stone staircase leading up here.
You climb upwards.
There is a stone staircase leading down here.
You can't go up here!
HP restored.
You see here 9 sling bullets.
There is a staircase leading out of the dungeon here.
Are you sure you want to leave the Dungeon?
This will make you lose the game!
You have escaped!

....#...........###.≈≈≈≈#
...##...............≈≈≈≈#
.####...............≈≈≈≈#
## ###...(.........≈≈≈≈#
# #.............≈.≈≈# #
##...........≈≈≈≈≈#
#...........≈≈≈≈≈#
#............≈≈≈≈#
##.......@≈.≈.≈≈≈#
#.........≈≈≈≈≈≈#
##......≈≈≈.≈≈≈≈≈
#..^..≈≈≈.≈≈≈≈≈≈≈
#≈≈≈≈≈≈≈≈.≈≈≈≈≈≈≈
#≈.≈.≈≈≈≈≈≈≈≈≈≈≈≈
#≈≈≈≈≈≈≈≈≈≈≈≈≈≈≈≈
#≈≈≈≈≈≈≈≈≈≈≈≈≈≈≈≈
###########


There were no monsters in sight!

Vanquished Creatures
  An adder (D:2)
  A worm (D:2)
  A leopard gecko (D:2)
  2 bats (D:1)
  2 giant cockroaches (D:1)
  2 hobgoblins (D:1)
  6 kobolds (D:1)
  6 rats
21 creatures vanquished.

Notes
Turn   | Place    | Note
-------+----------+-------------------------------------------
     0 | D:1      | Kaname the Demonspawn Necromancer began the quest for the Orb.
     0 | D:1      | Reached XP level 1. HP: 13/13 MP: 3/3
   395 | D:1      | Gained mutation: You have sharp fingernails. [demonic ancestry]
   395 | D:1      | Reached XP level 2. HP: 9/19 MP: 5/5
   531 | D:1      | Reached skill level 5 in Necromancy
  1007 | D:2      | Reached skill level 1 in Short Blades
  1060 | D:2      | Found an ancient bone altar of Kikubaaqudgha.
  1068 | D:2      | Gained mutation: A weak demonic guardian rushes to your aid. [demonic ancestry]
  1068 | D:2      | Reached XP level 3. HP: 16/24 MP: 0/6
  1188 | D:$      | Got out of the dungeon alive.

Vault maps used:
D:1:      nicolae_arrival_washed_ashore
D:2:      zin_treasury, lemuel_doored_altar, overflow_temple_1_default,
          minmay_crystal_water

Skill      XL: |  1  2 |
---------------+-------+-----
Necromancy     | 5 |  5.0
Short Blades   | 1 |  1.5
Dodging        | |  1.7
Stealth        | |  1.7
Spellcasting   | |  2.0

Action                   || total
-------------------------++-------
Melee: Short sword       ||    25
       Unarmed           ||     5
 Cast: Pain              ||    25
  Eat: Chunk             ||     1
Armor: Robe              ||     2
Dodge: Dodged            ||    21
